 Dungeon Crawl Stone Soup version 0.31-a0-1082-g7d1fb776a8 (webtiles) character file.

Game seed: 17485525413510894592

10335 Gladio the Grappler (level 11, -13/89 HPs)
             Began as a Demonspawn Berserker on Nov 27, 2023.
             Was a High Priest of Trog.
             Mangled by Sonja
             ... wielding a +2 short sword of distortion
              (21 damage)
             ... on level 11 of the Dungeon.
             The game lasted 00:23:19 (9344 turns).

Gladio the Grappler (Demonspawn Berserker)          Turns: 9344, Time: 00:23:20

Health: -13/89     AC: 15    Str: 27    XL:     11   Next: 34%
Magic:  12/12      EV: 12    Int:  8    God:    Trog [*****.]
Gold:   721        SH:  0    Dex: 14    Spells: 10/10 levels left

rFire   . .          .
                       - Unarmed
rCold   + . .        (no shield)
rNeg    . . .        y - +3 ring mail {rC+}
rPois   .            (helmet restricted)
rElec   .            O - +2 cloak
rCorr   .            Q - +1 pair of gloves
SInv    +            (no boots)
Will    .....        (no amulet)
Stlth   +            x - +6 ring of strength
HPRegen 1.14/turn    J - ring of see invisible
MPRegen 0.13/turn

%: no passive effects
@: mighty, lethally poisoned (-13 -> -14), on berserk cooldown, slowed, very
slow
A: horns 1, slimy green scales 1, powered by pain 1, high MP 1, regeneration 1,
inability to read after injury 1
a: Renounce Religion, Berserk, Trog's Hand, Brothers in Arms


You were on level 11 of the Dungeon.
You worshipped Trog.
Trog was extremely pleased with you.
You visited 1 branch of the dungeon, and saw 11 of its levels.
You also visited: Sewer.

You collected 781 gold pieces.
You spent 60 gold pieces at shops.

Inventory:

Missiles
 q - a throwing net
 C - 31 poisoned darts (quivered)
Armour
 a - a +0 animal skin
 b - a +0 pair of gloves
 c - a +0 leather armour
 j - a +0 cloak
 l - a +0 helmet
 r - a +0 ring mail
 u - a +0 buckler
 y - a +3 ring mail of cold resistance (worn)
 O - a +2 cloak (worn)
 Q - a +1 pair of gloves (worn)
Jewellery
 x - a +6 ring of strength (left hand)
 J - a ring of see invisible (right hand)
 N - an amulet of magic regeneration
 S - a ring of ice
Talismans
 k - a beast talisman
Wands
 H - a wand of quicksilver (5)
 L - a wand of charming (3)
Scrolls
 e - 2 scrolls of fog
 g - 4 scrolls of vulnerability
 h - 2 scrolls of silence
 i - a scroll of butterflies
 m - 2 scrolls of enchant armour
 o - 2 scrolls of enchant weapon
 s - 2 scrolls of teleportation
 z - 2 scrolls of fear {unknown}
 A - a scroll of revelation
 D - a scroll of blinking
 E - 3 scrolls of noise {unknown}
 F - 4 scrolls of identify
 I - a scroll of torment {unknown}
 K - a scroll of immolation {unknown}
 P - a scroll of amnesia {unknown}
Potions
 d - 2 potions of mutation
 f - a potion of enlightenment
 n - a potion of haste
 p - 2 potions of cancellation {unknown}
 t - a potion of ambrosia
 w - a potion of might {unknown}
 B - a potion of degeneration {unknown}
 G - a potion of curing
 M - 2 potions of brilliance {unknown}


   Skills:
 + Level 9.4 Fighting
 - Level 3.0 Armour
 + Level 2.9 Dodging
 + Level 11.7 Unarmed Combat
 + Level 7.4 Shapeshifting


You had 10 spell levels left.
You didn't know any spells.
Your spell library was empty.

Dungeon Overview and Level Annotations

Branches:
Dungeon (11/15)            Temple (0/1) D:4             Orc (0/2) D:10
  Sewer (visited)
   Lair: D:8-11

Altars:
Ashenzari
Dithmenos
Hepliaklqana
Makhleb
Nemelex Xobeh
Vehumet
Xom

Shops:
D:5 ?

Annotations:
D:7 2 transporters
D:11 Sonja


Innate Abilities, Weirdness & Mutations

You have a pair of small horns on your head.
You are partially covered in slimy green scales. (AC +2)
You sometimes gain a little power by taking damage.
You have an increased reservoir of magic. (+10% MP)
Your natural rate of healing is unusually fast.
You occasionally lose the ability to read scrolls when taking damage.


Message History

Sonja throws a curare-tipped dart.
The curare-tipped dart misses you.
Aiming: Fastroot
Press: ? - help, Q - select action, (/) - cycle Shift-Dir - straight line, f/p - Sonja
Aim: Sonja, wielding a +2 short sword of distortion, quivering curare-tipped darts and carrying a wand of flame (moderately wounded)
The roots erupt in riotous growth!
Roots grab Sonja.
The now-empty wand crumbles to dust.
The grasping roots constrict Sonja!
You feel sick.
The roots release their grip on Sonja.
Sonja hits you but does no damage. Space warps horribly around you!
* * * LOW HITPOINT WARNING * * *
You focus on the pain.
You feel mightier all of a sudden. Sonja barely misses you.
Sonja hits you but does no damage. Space warps around you.
* * * LOW HITPOINT WARNING * * *
A red film seems to cover your vision as you go berserk!
You feel yourself moving faster!
You feel mighty!
You can read scrolls again.
You feel sick.
Sonja mumbles some strange words.
Sonja blinks!
Sonja throws a curare-tipped dart.
The curare-tipped dart hits you.
You are more poisoned.
You have difficulty breathing.
* * * LOW HITPOINT WARNING * * *
You feel as though you will be slow longer.
You feel a strong urge to attack something.
You feel very sick.
You feel sick.
Sonja zaps a wand.
The puff of flame hits you.
* * * LOW HITPOINT WARNING * * *
You feel your anger nearly subside.
You are no longer berserk.
You are exhausted.
You feel as though you will be slow longer.
You feel sick.
Sonja hits you with a +2 short sword of distortion.
* * * LOW HITPOINT WARNING * * *
Space warps horribly around you!!
You die...
Sonja says, "Show's over."

## ... ....
######### .....
#.......###......
#.........[..(.((
#.......K#####.#.
#......@........
#..........#...
#.......##...#.
######...#..##..
########.#.....#
#...# #..>..##.
#...###..:#### ##
##.
#...#..........
#. ...
#...#.##..#####
#. #.#


You could see Sonja.

Vanquished Creatures
  A two-headed ogre (D:9)
  Lodul (D:10)
  A cyclops (D:10)
  2 unseen horrors (D:10)
  Jeremiah (D:6)
  A komodo dragon (D:11)
  A hornet (D:10)
  Sigmund (D:6)
  A shadow (D:9)
  A wraith (D:9)
  6 yaks
  2 steam dragons
  An acid dragon (D:10)
  A water moccasin (D:5)
  Duvessa (D:6)
  4 black bears
  A sky beast (D:6)
  5 orc warriors
  11 ogres
  4 centaurs
  3 kobold brigands
  8 bullfrogs
  A gnoll sergeant (D:6)
  7 scorpions
  4 wights (D:8)
  Dowan (D:6)
  7 killer bees
  3 howler monkeys
  An electric eel (D:8)
  5 hounds
  2 jellies
  A gnoll bouda (D:9)
  10 orc priests
  5 iguanas
  A sleepcap (D:8)
  Jessica (D:2)
  Crazy Yiuf (D:2)
  14 orc wizards
  11 adders
  11 gnolls
  A shadow imp (D:8)
  5 white imps
  3 worms
  4 dart slugs
  45 orcs
  19 ball pythons
  7 endoplasms
  8 giant cockroaches
  6 goblins
  9 hobgoblins
  11 jackals
  7 quokkas
  10 bats
  14 frilled lizards
  20 kobolds
  14 rats
327 creatures vanquished.

Vanquished Creatures (collateral kills)
  A gnoll sergeant (D:8)
  4 gnolls (D:8)
5 creatures vanquished.

Grand Total: 332 creatures vanquished

Notes
Turn   | Place    | Note
-------+----------+-------------------------------------------
     0 | D:1      | Gladio the Demonspawn Berserker began the quest for the
                  | Orb.
     0 | D:1      | Reached XP level 1. HP: 18/18 MP: 1/1
     1 | D:1      | Found a radiant altar of Vehumet.
   223 | D:1      | Reached skill level 3 in Unarmed Combat
   298 | D:1      | Gained mutation: You have a pair of small horns on your
                  | head. [demonic ancestry]
   298 | D:1      | Reached XP level 2. HP: 24/24 MP: 2/2
   686 | D:1      | Reached ** piety under Trog
   737 | D:1      | Reached XP level 3. HP: 29/29 MP: 3/3
   912 | D:1      | Reached skill level 1 in Shapeshifting
  1066 | D:2      | Noticed Jessica
  1071 | D:2      | Killed Jessica
  1147 | D:2      | Reached XP level 4. HP: 35/35 MP: 4/4
  1381 | D:2      | Reached *** piety under Trog
  1421 | D:2      | Reached skill level 4 in Unarmed Combat
  1589 | D:2      | Found a runed translucent door.
  1590 | D:2      | Noticed Crazy Yiuf
  2102 | D:2      | Killed Crazy Yiuf
  2103 | D:2      | Reached XP level 5. HP: 36/42 MP: 5/5
  2108 | D:2      | Gained mutation: You have an increased reservoir of magic.
                  | (+10% MP) [potion of mutation]
  2108 | D:2      | Gained mutation: You occasionally lose the ability to read
                  | scrolls when taking damage. [potion of mutation]
  2108 | D:2      | Gained mutation: Your natural rate of healing is unusually
                  | fast. [potion of mutation]
  2408 | D:3      | Found a glowing drain.
  2480 | Sewer    | Entered a sewer
  2563 | Sewer    | Reached **** piety under Trog
  2650 | Sewer    | Gained mutation: You are partially covered in slimy green
                  | scales. (AC +2) [demonic ancestry]
  2650 | Sewer    | Reached XP level 6. HP: 45/48 MP: 6/6
  2657 | Sewer    | Reached skill level 5 in Unarmed Combat
  3753 | D:4      | Found a staircase to the Ecumenical Temple.
  3953 | D:5      | Entered Level 5 of the Dungeon
  3963 | D:5      | You fall into a shaft and drop 2 floors!
  4048 | D:6      | Noticed Sigmund
  4073 | D:6      | Killed Sigmund
  4074 | D:6      | Gained mutation: You sometimes gain a little power by
                  | taking damage. [demonic ancestry]
  4074 | D:6      | Reached XP level 7. HP: 55/55 MP: 7/7
  4177 | D:5      | Reached skill level 5 in Fighting
  4177 | D:5      | Reached skill level 6 in Unarmed Combat
  4209 | D:5      | HP: 2/56 [water moccasin (4)]
  4297 | D:5      | Reached XP level 8. HP: 41/63 MP: 8/8
  4433 | D:5      | Reached skill level 7 in Unarmed Combat
  4691 | D:5      | Found Zyvom's Magic Scroll Shop.
  4698 | D:5      | Bought a scroll of identify for 20 gold pieces
  4698 | D:5      | Bought a scroll of identify for 20 gold pieces
  4698 | D:5      | Bought a scroll of identify for 20 gold pieces
  4985 | D:6      | Noticed Duvessa
  4985 | D:6      | Noticed Dowan
  5007 | D:6      | Killed Duvessa
  5010 | D:6      | Reached skill level 8 in Unarmed Combat
  5016 | D:6      | Killed Dowan
  5068 | D:6      | Found a hazy altar of Hepliaklqana.
  5075 | D:6      | Reached XP level 9. HP: 71/71 MP: 9/9
  5342 | D:6      | Reached skill level 5 in Shapeshifting
  5692 | D:6      | Noticed Jeremiah
  5702 | D:6      | Killed Jeremiah
  5711 | D:6      | Reached skill level 9 in Unarmed Combat
  6121 | D:7      | Reached ***** piety under Trog
  6259 | D:7      | Found a burning altar of Makhleb.
  6310 | D:7      | Noticed an unseen horror
  6310 | D:7      | Noticed a cyclops
  6312 | D:7      | Found a transporter.
  6318 | D:7      | Noticed a gargoyle
  6322 | D:7      | Found a transporter.
  6513 | D:7      | Reached XP level 10. HP: 47/80 MP: 11/11
  6575 | D:8      | Found a broken altar of Ashenzari.
  6593 | D:8      | Reached skill level 10 in Unarmed Combat
  6677 | D:8      | Found a shadowy altar of Dithmenos.
  7414 | D:9      | Found a sparkling altar of Nemelex Xobeh.
  7538 | D:9      | Received a gift from Trog
  7885 | D:9      | Noticed a two-headed ogre
  7893 | D:9      | Killed a two-headed ogre
  8148 | D:10     | Entered Level 10 of the Dungeon
  8148 | D:10     | Found a shimmering altar of Xom.
  8242 | D:10     | Found a radiant altar of Vehumet.
  8373 | D:10     | Reached skill level 11 in Unarmed Combat
  8432 | D:10     | Found a staircase to the Orcish Mines.
  8915 | D:11     | Reached XP level 11. HP: 89/89 MP: 12/12
  8991 | D:11     | Noticed Lodul
  9206 | D:10     | Killed Lodul
  9323 | D:11     | Noticed Sonja
  9344 | D:11     | Mangled by Sonja

Illustrated notes

Levels and vault maps discovered:
D:1:      sevenhm_arrival_forest_fort_small_6, layout_loops_corners,
          serial_forest, infiniplex_forest_clump_curved,
          infiniplex_forest_clump_small, infiniplex_forest_diagonal,
          infiniplex_forest_clump_medium, chequers_avenue
D:2:      minmay_thinvault, layout_loops_ring, uniq_jessica,
          uniq_crazy_yiuf_cottage
D:3:      layout_loops_cross, portal_sewer_entry_a, serial_bayou_ford_a
D:4:      layout_gridville, temple_fountains, kennysheep_boxes
D:5:      kennysheep_windowed_halls, layout_loops_ring, serial_shops,
          shop_fountains
D:6:      layout_layer_cave, old_standard_altar, uniq_jeremiah, uniq_sigmund,
          uniq_duvessa
D:7:      layout_basic, gammafunk_temple_overflow_arena
D:8:      layout_basic, nicolae_overflow_squiral, minivault_27,
          chequers_serial_rivers_large_b
D:9:      layout_irregular_city, mainiacjoe_overflow_paths
D:10:     layout_roguey, grunt_temple_overflow_open,
          minmay_orc_entry_temple_small
D:11:     layout_basic, grunt_lair_entry_orc_guard_hut, uniq_lodul,
          uniq_maurice, uniq_sonja, uniq_erica

Skill      XL: |  1  2  3  4  5  6  7  8  9 10 11 |
---------------+----------------------------------+-----
Unarmed Combat | 3 4 5 6 8 9 11 | 11.7
Shapeshifting  | 1 2 3 4 5 7 |  7.4
Fighting       | 4 5 6 7 9 |  9.4
Armour         | 3 |  3.0
Dodging        | 2 |  2.9

Action                     |  1- 3 |  4- 6 |  7- 9 | 10-12 || total
---------------------------+-------+-------+-------+-------++-------
  Melee: Unarmed           |    84 |   195 |   255 |   305 ||   839
         Punch             |     2 |     5 |    11 |    26 ||    44
         Headbutt          |    10 |    39 |    42 |    56 ||   147
  Throw: Dart              |       |       |     2 |    10 ||    12
 Invoke: Berserk           |     1 |     3 |     3 |     4 ||    11
         Trog's Hand       |       |     1 |     2 |     3 ||     6
         Brothers in Arms  |       |       |       |     2 ||     2
  Evoke: Wand              |       |       |     7 |     3 ||    10
    Use: Scroll            |       |     5 |     8 |       ||    13
         Potion            |       |     4 |     4 |     4 ||    12
   Stab: Sleeping          |     3 |       |       |       ||     3
 Armour: Leather armour    |    30 |    28 |       |       ||    58
         Animal skin       |     1 |       |       |       ||     1
         Ring mail         |       |    86 |   178 |   285 ||   549
  Dodge: Dodged            |    54 |   110 |   154 |   189 ||   507
   Form: Beast             |     2 |       |       |       ||     2
                           |     1 |       |       |     1 ||     2

Table legend: (Time is in decaauts)
 A = Elapsed time spent in this place.
 B = Non-inter-level travel time spent in this place.
 C = Inter-level travel time spent in this place.
 D = Time resting spent in this place.
 E = Time spent auto-exploring this place.
 F = Levels seen in this place.
 G = Mean time per level.
                   A        B        C        D        E       F      G
               +--------+--------+--------+--------+--------+-----+--------+
         Total |   9536 |   9170 |    366 |      0 |   6914 |  12 |  794.7 |
       Dungeon |   8877 |   8511 |    366 |      0 |   6545 |  11 |  807.0 |
         Sewer |    658 |    658 |      0 |      0 |    369 |   1 |  658.0 |
               +--------+--------+--------+--------+--------+-----+--------+

Top non-repeatable levels by time:
     D:2: 1250 daAuts
     D:6: 1092 daAuts
    D:10: 1014 daAuts
     D:1: 946 daAuts
     D:5: 863 daAuts
     D:8: 863 daAuts
     D:9: 855 daAuts
     D:3: 675 daAuts
   Sewer: 658 daAuts
     D:7: 570 daAuts
     D:4: 565 daAuts
    D:11: 180 daAuts
